 Dungeon Crawl Stone Soup version 0.23.0 (webtiles) character file.

Game seed: 3545701677188275429

121 Gargoyl the Skirmisher (level 4, 7/41 HPs)
             Began as a Centaur Abyssal Knight on Feb 12, 2019.
             Was a Follower of Lugonu.
             Quit the game on level 2 of the Abyss.
             The game lasted 00:01:05 (144 turns).

Gargoyl the Skirmisher (Centaur Abyssal Knight)      Turns: 144, Time: 00:01:06

Health: 7/41       AC:  4    Str: 14    XL:     4   Next: 76%
Magic:  5/5        EV:  9    Int:  9    God:    Lugonu [*.....]
Gold:   36         SH:  0    Dex:  8    Spells: 3/3 levels left

rFire    . . .     SeeInvis .   a - +1 hand axe
rCold    . . .     Gourm    .   (no shield)
rNeg     . . .     Faith    .   b - +0 leather armour
rPois    .         Spirit   .   (no helmet)
rElec    .         Reflect  .   (no cloak)
rCorr    .         Harm     .   (no gloves)
MR       .....                  (no barding)
Stlth    ..........             (no amulet)
HPRegen  0.00/turn              (no ring)
MPRegen  0.09/turn              (no ring)

@: non-regenerating, diseased, very quick
A: large, hooves 3, clumsy 1, deformed body, dopey 1, speed 2, screaming 1,
tough skin 3
a: Depart the Abyss, Renounce Religion


You were on level 2 of the Abyss.
You worshipped Lugonu.
Lugonu was aware of your devotion.
You were not hungry.

You visited 0 branches of the dungeon, and saw 0 of its levels.
You visited the Abyss 1 time.

You collected 36 gold pieces.

Inventory:

Hand Weapons
 a - a +1 hand axe (weapon)
Armour
 b - a +0 leather armour (worn)
Wands
 d - a wand of disintegration (10)
Potions
 e - a potion of lignification {unknown}
Comestibles
 c - a ration


   Skills:
 + Level 4.5 Fighting
 + Level 2.3 Axes
 + Level 1.8 Armour
 + Level 0.7 Dodging
 + Level 2.5 Invocations
 + Level 0.6 Evocations


You had 3 spell levels left.
You didn't know any spells.
Your spell library was empty.

Dungeon Overview and Level Annotations

Branches:
Dungeon (0/15)

Altars:


Innate Abilities, Weirdness & Mutations

You have hooves in place of feet.
Armour fits poorly on your strangely shaped body.
You cover ground very quickly.
You have extremely tough skin. (AC +3)
You are clumsy. (Dex -2)
You are dopey. (Int -2)
You occasionally shout uncontrollably at your foes.


Message History

You have reached level 3!
Your experience leads to an increase in your attributes!
Your base attributes are Str 14, Int 11, Dex 8.
Increase (S)trength, (I)ntelligence, or (D)exterity?
The substance of the Abyss twists violently, and a gateway leading out appears!
The large abomination hits you!
Ouch! That really hurt!
* * * LOW HITPOINT WARNING * * *
The crimson imp barely misses you.
Welcome back, Gargoyl the Centaur Abyssal Knight.
Lugonu says: Spread carnage and corruption!
Press ? for a list of commands and other information.
You have reached level 3!
Your experience leads to an increase in your attributes!
Your base attributes are Str 14, Int 11, Dex 8.
Increase (S)trength, (I)ntelligence, or (D)exterity?
You feel agile.
You have reached level 4!
You feel agile.
Are you sure you want to abandon this character and quit the game? (Confirm with "yes".)

... .. .. #.
.. . . ## .
.##.. .##.#...
# # ..#..##..
. ..
###.§#...5.
#..##.§@5#...#
.....##X..#
####...X..#
...#..#.#4#.#.
. ..#.###x#
##....#..# . #
#..... ##. . #
.##..... .#
#....#.#.


You could see an ancient zyme, 2 large abominations, a chaos spawn and a crimson
imp.

Vanquished Creatures
  A neqoxec (Abyss:2)
1 creature vanquished.

Vanquished Creatures (others)
  A lurking horror (Abyss:1)
1 creature vanquished.

Grand Total: 2 creatures vanquished

Notes
Turn   | Place    | Note
-------+----------+-------------------------------------------
     0 | Abyss:1  | Gargoyl the Centaur Abyssal Knight began the quest for the
                  | Orb.
     0 | Abyss:1  | Reached XP level 1. HP: 19/19 MP: 2/2
    75 | Abyss:2  | Noticed an ogre
    76 | Abyss:2  | Noticed a sea snake
    76 | Abyss:2  | Noticed an orc priest
    88 | Abyss:2  | Noticed an ancient zyme
   105 | Abyss:2  | Noticed a chaos spawn
   108 | Abyss:2  | Noticed a large abomination
   120 | Abyss:2  | Noticed a large abomination
   126 | Abyss:2  | Noticed a neqoxec
   130 | Abyss:2  | Gained mutation: You are clumsy. (Dex -2) [a neqoxec]
   133 | Abyss:2  | Gained mutation: You are dopey. (Int -2) [a neqoxec]
   134 | Abyss:2  | Noticed a crimson imp
   140 | Abyss:2  | Gained mutation: You occasionally shout uncontrollably at
                  | your foes. [a neqoxec]
   143 | Abyss:2  | Killed a neqoxec
   143 | Abyss:2  | Reached skill level 4 in Fighting
   143 | Abyss:2  | Reached XP level 2. HP: 19/28 MP: 3/3
   144 | Abyss:2  | Reached XP level 3. HP: 5/34 MP: 4/4
   144 | Abyss:2  | Reached XP level 4. HP: 7/41 MP: 5/5
   144 | Abyss:2  | Quit the game

Skill      XL: |  1 |
---------------+----+-----
Fighting       | 4 |  4.5
Axes           | 2 |  2.3
Armour         | |  1.8
Dodging        | |  0.7
Invocations    | |  2.5
Evocations     | |  0.6

Action                   |  1- 3 |  4- 6 || total
-------------------------+-------+-------++-------
Evoke: Wand              |     7 |       ||     7
  Use: Potion            |     1 |       ||     1
Armor: Leather armour    |     1 |       ||     1
Dodge: Dodged            |     2 |       ||     2
